 Dungeon Crawl Stone Soup version 0.20.1-1-g8b1a95d (console) character file.

71 hilaritas the Shield-Bearer (level 4, -1/35 HPs)
             Began as a Formicid Fighter on Aug 23, 2017.
             Slain by a gnoll
             ... wielding a +0 whip
              (6 damage)
             ... on level 2 of the Dungeon.
             The game lasted 00:02:18 (1838 turns).

hilaritas the Shield-Bearer (Formicid Fighter)      Turns: 1838, Time: 00:02:18

Health: -1/35      AC:  6    Str: 21    XL:     4   Next: 47%
Magic:  4/4        EV:  8    Int:  8    God:
Gold:   55         SH:  9    Dex: 10    Spells: 3/3 levels left

rFire    . . .     SeeInvis +   a - +0 war axe
rCold    . . .     Gourm    .   c - +0 shield
rNeg     . . .     Faith    .   b - +0 scale mail
rPois    .         Spirit   .   (helmet unavailable)
rElec    .         Reflect  .   (no cloak)
rCorr    .         Harm     .   (no gloves)
MR       .....                  (no boots)
Stlth    ..........             (no amulet)
Regen    0.2/turn               (no ring)
MPRegen  0.1/turn               (no ring)

@: no status effects
A: permanent stasis, dig shafts and tunnels, four strong arms, antennae 3
a: Dig, Shaft Self


You were on level 2 of the Dungeon.
You were hungry.

You visited 1 branch of the dungeon, and saw 2 of its levels.

You collected 55 gold pieces.

Inventory:

Hand Weapons
 a - a +0 war axe (weapon)
 h - a +0 club
 k - a +0 whip
Armour
 b - a +0 scale mail (worn)
 c - a +0 shield (worn)
Jewellery
 g - a +4 ring of slaying {unknown}
Scrolls
 e - 4 scrolls of teleportation {unknown}
 j - a scroll of remove curse {unknown}
 n - 2 scrolls of identify {unknown}
Potions
 d - a potion of might
 i - a potion of heal wounds {unknown}
 l - a potion of degeneration {unknown}
 m - 2 potions of curing {unknown}
 o - a potion of flight {unknown}
 q - a potion of ambrosia {unknown}
Comestibles
 f - 3 bread rations
 p - 2 fruits


   Skills:
 - Level 3.2 Fighting
 * Level 3.9 Axes
 - Level 3.2 Armour
 + Level 4.3 Shields


You had 3 spell levels left.
You didn't know any spells.

Dungeon Overview and Level Annotations

Branches:
Dungeon (2/15)

Altars:


Innate Abilities, Weirdness & Mutations

You cannot be hasted, slowed, berserked, paralysed or teleported.
You can dig through walls and to a lower floor.
Your four strong arms can wield two-handed weapons with a shield.
You have a pair of large antennae on your head. (SInv)


Message History

You kill the gnoll!
You barely miss the gnoll. The gnoll hits you with a flail.
You barely miss the gnoll. The gnoll hits you but does no damage.
The gnoll hits you with a flail.
You hit the gnoll.
The gnoll is moderately wounded.
The gnoll hits you with a flail.
* * * LOW HITPOINT WARNING * * *
You slash the gnoll!
You kill the gnoll!
You hit the gnoll but do no damage. The gnoll hits you but does no damage.
You block the gnoll's attack.
You hit the gnoll.
The gnoll is lightly wounded.
The gnoll hits you with a whip.
* * * LOW HITPOINT WARNING * * *
Your shield and scale mail prevent you from hitting the gnoll.
The gnoll is lightly wounded.
The gnoll hits you with a whip.
You die...

#{........ #g........ #.
#........# #.#
#gK....... #.#
###(........ #.#
#.......###.
#(######.##.##.#
#.....##g##..#.#
#.....##@###.# #
#........# $.
#.##+########..
#.#.........#..#
#.#..##.....#
#.#..##.....# #
###.#.[##.....# .#
#.............##..#
######.#.#..#...........


You could see a gnoll.

Vanquished Creatures
  3 gnolls (D:2)
  2 adders (D:2)
  2 giant cockroaches (D:1)
  A goblin (D:1)
  3 hobgoblins
  4 kobolds
  A quokka (D:2)
  5 bats (D:1)
  2 frilled lizards (D:1)
  4 rats
27 creatures vanquished.

Notes
Turn   | Place    | Note
-------+----------+-------------------------------------------
     0 | D:1      | hilaritas the Formicid Fighter began the quest for the Orb.
     0 | D:1      | Reached XP level 1. HP: 18/18 MP: 1/1
    82 | D:1      | Reached XP level 2. HP: 15/24 MP: 2/2
  1213 | D:2      | Reached skill level 4 in Shields
  1213 | D:2      | Reached XP level 3. HP: 24/29 MP: 3/3
  1823 | D:2      | Reached XP level 4. HP: 26/35 MP: 4/4
  1838 | D:2      | Slain by a gnoll

Skill      XL: |  1  2 |
---------------+-------+-----
Axes           | 3 |  3.9
Shields        | 4 |  4.3
Fighting       | |  3.2
Armour         | |  3.2

Action                   |  1- 3 |  4- 6 || total
-------------------------+-------+-------++-------
Melee: War axe           |    82 |    13 ||    95
  Eat: Chunk             |     2 |       ||     2
Armor: Scale mail        |    39 |     2 ||    41
Dodge: Dodged            |    22 |     1 ||    23
Block: Shield            |    55 |     6 ||    61
